 Dungeon Crawl Stone Soup version 0.21-a0-272-g984ae92 (webtiles) character file.

3338 wup the Destroyer (level 9, -3/72 HPs)
             Began as a Yellow Draconian Conjurer on Sept 16, 2017.
             Slain by a two-headed ogre
             ... wielding a cursed -3 giant club
              (14 damage)
             ... on level 8 of the Dungeon.
             The game lasted 00:42:43 (10437 turns).

wup the Destroyer (Yellow Draconian Conjurer)      Turns: 10437, Time: 00:42:44

Health: -3/72      AC: 10    Str: 10    XL:     9   Next: 72%
Magic:  7/12       EV: 14    Int: 16    God:
Gold:   268        SH:  0    Dex: 18    Spells: 5/12 levels left

rFire    + . .     SeeInvis .   a - +1 dagger (flame)
rCold    . . .     Gourm    .   (no shield)
rNeg     . . .     Faith    .   (armour unavailable)
rPois    +         Spirit   .   (helmet restricted)
rElec    .         Reflect  .   B - +2 cloak {rPois}
rCorr    +         Harm     .   (no gloves)
MR       .....                  (no boots)
Stlth    ++........             (no amulet)
HPRegen  0.22/turn              x - +3 ring of dexterity
MPRegen  0.13/turn              L - ring of protection from fire

@: no status effects
A: spit acid, acid resistance, unfitting armour, cold-blooded, AC +7
a: Breathe Acid


You were on level 8 of the Dungeon.
You were not hungry.

You visited 1 branch of the dungeon, and saw 8 of its levels.

You collected 301 gold pieces.
You spent 33 gold pieces at shops.

Inventory:

Hand Weapons
 a - a +1 dagger of flaming (weapon)
 b - a +0 hunting sling of freezing
 E - a +1 dagger of protection
 R - a +0 dagger of electrocution
 T - a +1 short sword of protection
Missiles
 l - 262 stones (quivered)
 C - 7 tomahawks
Armour
 B - a +2 cloak of poison resistance (worn)
 G - a +0 pair of gloves
Jewellery
 n - an uncursed ring of wizardry
 x - a +3 ring of dexterity (left hand)
 L - a ring of protection from fire (right hand)
 N - an uncursed amulet of inaccuracy
 Q - an uncursed amulet of faith {unknown}
Wands
 A - a wand of polymorph (7/24)
 D - a wand of polymorph (0/24)
 I - a wand of digging (4/24)
 K - a wand of acid (12/15)
 M - a wand of polymorph (9/24)
 U - a wand of random effects (31/48)
Scrolls
 c - 3 scrolls of enchant weapon
 d - a scroll of random uselessness {unknown}
 j - 2 scrolls of recharging
 m - 3 scrolls of identify
 o - 3 scrolls of remove curse
 p - a scroll of noise {unknown}
 q - a scroll of magic mapping {unknown}
 t - a scroll of amnesia {unknown}
 w - a scroll of teleportation
 F - a scroll of enchant armour {unknown}
 H - a scroll of fear
 S - a scroll of brand weapon {unknown}
Potions
 e - 4 potions of might
 g - 3 potions of curing
 h - 2 potions of resistance {unknown}
 i - 2 potions of mutation {unknown}
 s - 2 potions of lignification {unknown}
 v - 2 potions of magic {unknown}
 J - a potion of degeneration {unknown}
 O - a potion of flight {unknown}
Books
 k - a book of Conjurations

   Spells                             Type                      Level
   a - Magic Dart                     Conjuration                  1
   b - Searing Ray                    Conjuration                  2
   c - Dazzling Spray                 Conjuration/Hexes            3
   d - Fulminant Prism                Conjuration/Hexes            4
   e - Force Lance                    Conjuration/Translocation    4
   f - Iskenderun's Mystic Blast      Conjuration                  4
 r - a book of Necromancy

   Spells                             Type                      Level
   a - Pain                           Necromancy                   1
   b - Animate Skeleton               Necromancy                   1
   c - Vampiric Draining              Necromancy                   3
   d - Regeneration                   Charms/Necromancy            3
   e - Animate Dead                   Necromancy                   4
   f - Control Undead                 Necromancy                   4
 u - a book of the Sky

   Spells                             Type                      Level
   a - Summon Lightning Spire         Summoning/Air                4
   b - Silence                        Hexes/Air                    5
   c - Deflect Missiles               Charms/Air                   6
   d - Conjure Ball Lightning         Conjuration/Air              6
   e - Tornado                        Air                          9
 y - Sif Muna's Reference Book on Transmutation
   (You found it on level 5 of the Dungeon)

   Spells                             Type                      Level
   a - Beastly Appendage              Transmutation                1
 P - a book of Battle

   Spells                             Type                      Level
   a - Infusion                       Charms                       1
   b - Shroud of Golubria             Charms/Translocation         2
   c - Song of Slaying                Charms                       2
   d - Spectral Weapon                Hexes/Charms                 3
   e - Regeneration                   Charms/Necromancy            3
Comestibles
 f - 5 bread rations
 z - a meat ration


   Skills:
 - Level 4.4 Fighting
 - Level 3.0 Dodging
 + Level 3.0 Stealth
 - Level 2.0 Spellcasting
 + Level 12.8 Conjurations


You had 5 spell levels left.
You knew the following spells:

 Your Spells              Type           Power        Failure   Level  Hunger
a - Magic Dart            Conj           ####         1%          1    #......
b - Searing Ray           Conj           #####.       1%          2    ###....
c - Iskenderun's Mystic   Conj           #####...     1%          4    #####..


Dungeon Overview and Level Annotations

Branches:
Dungeon (8/15)
 Temple: D:4-7         Lair: D:8-11

Altars:
Kikubaaqudgha
Makhleb
Qazlal
Sif Muna
Uskayaw
Vehumet
The Shining One

Shops:
D:7 !

Annotations:
D:8 Erica


Innate Abilities, Weirdness & Mutations

You can spit globs of acid.
You are resistant to acid.
Your golden yellow scales are hard. (AC +7)
You cannot fit into any form of body armour.
You are cold-blooded and may be slowed by cold attacks.


Message History

Press: ? - help, Shift-Dir - straight line, f - two-headed ogre
Aim: a two-headed ogre, wielding a giant club and a dire flail The searing ray hits the two-headed ogre.
The two-headed ogre is lightly wounded. (Press . to maintain the ray.)
The searing ray hits the two-headed ogre.
The two-headed ogre is moderately wounded.
The two-headed ogre hits you with a giant club!!
The two-headed ogre hits you with a dire flail!
The searing ray hits the two-headed ogre.
The two-headed ogre is moderately wounded.
The searing ray hits the two-headed ogre.
The two-headed ogre is heavily wounded.
You finish channeling your searing ray.
The two-headed ogre hits you with a giant club!
The two-headed ogre misses you.
The two-headed ogre hits you with a giant club!!
* * * LOW HITPOINT WARNING * * *
The two-headed ogre hits you with a dire flail!
You die...

.'..#.....#..#...#...... ..
#..'..)..#..##..#...... ...
#..#.....#..##..#......
..##. #.....#..+...#...... .
.'.. #.....#..##..#......
....#.. ####'##..##..#......
....##'###....#..##..#......
.........#.O..#..###'#......
.........'.@..#......#......
.........#....#......#......
.........#..####+##..#......
.........#..###..##..#......
@...=....#...'...##'##......
.........#...#...#..........
####.....#...#...'..........
#.....######..#..........
##'#..........


You could see a two-headed ogre.

Vanquished Creatures
  The ghost of blobert the Severer, a novice MiMo of Okawaru (D:8)
  The ghost of blobert the Cleaver, a novice MiFi of Okawaru (D:4)
  An orc warrior (D:6)
  Duvessa (D:7)
  An ice beast (D:5)
  An ogre (D:4)
  A phantom (D:4)
  3 centaurs
  A big kobold (D:7)
  6 bullfrogs
  A water moccasin skeleton (D:5)
  Dowan (D:7)
  3 killer bees (D:8)
  6 howler monkeys
  A crimson imp (D:6)
  A bullfrog zombie (D:5)
  5 hounds
  An orc priest (D:4)
  4 orc wizards
  4 iguanas
  4 worker ants
  A worker ant zombie (D:5)
  Robin (D:2)
  7 gnolls
  6 adders
  A howler monkey skeleton (D:8)
  2 shadow imps (D:5)
  An ooze (D:1)
  5 worms
  2 dart slugs (D:3)
  8 leopard geckos
  21 orcs
  4 bats
  6 giant cockroaches
  16 goblins
  10 hobgoblins
  6 kobolds
  2 quokkas
  A ball python (D:3)
  4 frilled lizards
  A jackal zombie (D:6)
  6 rats
159 creatures vanquished.

Vanquished Creatures (others)
  2 orcs (D:5)
2 creatures vanquished.

Grand Total: 161 creatures vanquished

Notes
Turn   | Place    | Note
-------+----------+-------------------------------------------
     0 | D:1      | wup the Draconian Conjurer began the quest for the Orb.
     0 | D:1      | Reached XP level 1. HP: 14/14 MP: 3/3
    37 | D:1      | Reached XP level 2. HP: 4/20 MP: 0/5
    41 | D:1      | Learned a level 2 spell: Searing Ray
   868 | D:1      | Reached skill level 5 in Conjurations
   868 | D:1      | Reached XP level 3. HP: 10/26 MP: 1/6
  1208 | D:2      | Noticed Robin
  1220 | D:2      | Killed Robin
  1555 | D:2      | Reached XP level 4. HP: 33/33 MP: 2/7
  2242 | D:3      | Reached skill level 6 in Conjurations
  2693 | D:3      | Reached XP level 5. HP: 38/38 MP: 4/8
  3807 | D:4      | Reached skill level 7 in Conjurations
  4031 | D:4      | Reached XP level 6. HP: 32/45 MP: 3/9
  4123 | D:4      | Noticed blobert's ghost (novice MiFi)
  4464 | D:5      | Entered Level 5 of the Dungeon
  4696 | D:5      | Found a deep blue altar of Sif Muna.
  4699 | D:5      | Found an ancient bone altar of Kikubaaqudgha.
  4700 | D:5      | Found a radiant altar of Vehumet.
  4704 | D:5      | Identified Sif Muna's Reference Book on Transmutation
  4846 | D:5      | Noticed a dagger
  4846 | D:5      | Noticed an enchanted dagger
  4847 | D:5      | Found a hide-covered altar of Uskayaw.
  4968 | D:5      | Reached skill level 8 in Conjurations
  5017 | D:5      | Learned a level 4 spell: Iskenderun's Mystic Blast
  5271 | D:5      | Found a stormy altar of Qazlal.
  5272 | D:5      | Noticed an ice beast
  5455 | D:4      | Your scales start taking on a golden yellow colour.
  5455 | D:4      | Reached XP level 7. HP: 28/50 MP: 0/10
  5815 | D:4      | Killed blobert's ghost
  5815 | D:4      | Reached skill level 9 in Conjurations
  6184 | D:4      | Reached XP level 8. HP: 50/57 MP: 3/11
  6280 | D:4      | Reached skill level 10 in Conjurations
  6534 | D:5      | Reached skill level 1 in Fighting
  7413 | D:6      | Found a glowing golden altar of the Shining One.
  8306 | D:7      | Reached XP level 9. HP: 71/72 MP: 3/12
  8382 | D:7      | Reached skill level 11 in Conjurations
  8460 | D:7      | Found a burning altar of Makhleb.
  8474 | D:7      | Noticed Duvessa
  8474 | D:7      | Noticed Dowan
  8497 | D:7      | Killed Dowan
  8798 | D:7      | Found Loghait's Distillery.
  8805 | D:7      | Bought a potion of curing for 33 gold pieces
  8912 | D:7      | Killed Duvessa
  9241 | D:7      | You fall through a shaft!
  9467 | D:8      | Noticed blobert's ghost (novice MiMo)
  9534 | D:8      | HP: 3/72 [blobert's ghost (7)]
  9534 | D:8      | HP: 1/72 [blobert's ghost (2)]
  9538 | D:8      | Killed blobert's ghost
  9538 | D:8      | Reached skill level 12 in Conjurations
  9894 | D:8      | Noticed a two-headed ogre
 10367 | D:8      | Noticed Erica
 10437 | D:8      | Slain by a two-headed ogre

Vault maps used:
D:1:      dpeg_arrival_windows_large_door
D:2:      uniq_robin
D:3:      first_bread
D:4:      glass_columns_c
D:5:      grunt_temple_overflow_magic_moments, dancing_weapons_uskayaw,
          grunt_qazlal_clouds
D:6:      kennysheep_mini_moat
D:7:      nicolae_overflow_hidden_temple, temple_green, serial_shops,
          shop_fountains, uniq_duvessa
D:8:      uniq_erica

Skill      XL: |  1  2  3  4  5  6  7  8  9 |
---------------+----------------------------+-----
Conjurations   | 5 6 7 8 9 10 12 | 12.8
Stealth        | 2 3 |  3.0
Fighting       | 4 |  4.4
Dodging        | 3 |  3.0
Spellcasting   | |  2.0

Action                   |  1- 3 |  4- 6 |  7- 9 || total
-------------------------+-------+-------+-------++-------
Melee: Unarmed           |    23 |     5 |       ||    28
       Tailslap          |     7 |    11 |    36 ||    54
       Dagger            |    45 |   128 |   180 ||   353
 Fire: Hunting sling     |       |    33 |     7 ||    40
 Cast: Magic Dart        |    41 |    36 |    62 ||   139
       Searing Ray       |     3 |    19 |    35 ||    57
       Iskenderun's Myst |       |       |     7 ||     7
 Abil: Breathe Acid      |       |       |    13 ||    13
Evoke: Wand              |       |       |     3 ||     3
  Use: Scroll            |       |       |     9 ||     9
       Potion            |       |       |     2 ||     2
 Stab: Sleeping          |     2 |     1 |     3 ||     6
  Eat: Chunk             |     3 |    11 |    18 ||    32
       Fruit             |       |     2 |     5 ||     7
       Royal jelly       |       |       |     1 ||     1
Armor: Skin              |    15 |    32 |    89 ||   136
Dodge: Dodged            |    45 |    97 |   167 ||   309

Table legend:
 A = Spawn XP
 B = Non-spawn XP
 C = Spawn XP percentage of total XP
 D = Spawn monster count
 E = Non-spawn monster count
 F = Spawn count percentage of total count
 G = Total turns spent on level
                    A         B        C        D         E        F      G
               +---------+---------+-------+---------+---------+-------+---------
         Total |       0 |    4769 |   0.0 |       0 |     159 |   0.0 | 10437
               +---------+---------+-------+---------+---------+-------+---------
           D:1 |       0 |      40 |   0.0 |       0 |      19 |   0.0 |  1108
           D:2 |       0 |      85 |   0.0 |       0 |      24 |   0.0 |  1290
           D:3 |       0 |     235 |   0.0 |       0 |      28 |   0.0 |  1944
           D:4 |       0 |     995 |   0.0 |       0 |      21 |   0.0 |  1212
           D:5 |       0 |     696 |   0.0 |       0 |      27 |   0.0 |  1655
           D:6 |       0 |     686 |   0.0 |       0 |      13 |   0.0 |  1051
           D:7 |       0 |     746 |   0.0 |       0 |      16 |   0.0 |  1008
           D:8 |       0 |    1286 |   0.0 |       0 |      11 |   0.0 |  1169
               +---------+---------+-------+---------+---------+-------+---------
